Map: [ESL] Moondance

Players

TIME (Oliveira) - Winner!

  • Race: Terran Terran

DPGJieShi (Jieshi)

  • Race: Protoss Protoss

Event: DreamHack SC2 Masters 2022 Atlanta (Online)

VOD

Have the link to the VOD?

Description

Time

  • Played on: Oct. 5, 2022, 8:37 a.m.
  • Length: 8:18

All games in this series

Show
View Real Time Build Order
Export as new Build Order

TIME Terran - Winner!

Build Orders:  

Get SALT Encoding   

  12  0:00  SCV  
  13  0:12  SCV  
  14  0:18  Supply Depot  
  14  0:24  SCV  
  15  0:40  SCV, Barracks  
  16  0:46  Refinery  
  16  0:52  SCV  
  16  0:56  Refinery  
  17  1:04  SCV  
  18  1:16  SCV  
  19  1:27  Barracks Tech Lab  
  19  1:29  Orbital Command  
  19  1:36  Supply Depot  
  19  1:45  Concussive Shells  
  19  1:46  Marauder  
  21  1:54  SCV  
  22  2:07  Marauder  
  24  2:09  Factory  
  24  2:11  SCV  
  25  2:25  SCV  
  25  2:29  Marauder  
  28  2:30  Supply Depot  
  28  2:36  Bunker  
  28  2:38  SCV  
  29  2:50  Marauder  
  31  2:52  SCV  
  31  2:53  Hellion  
  34  2:59  Starport  
  34  3:04  SCV  
  35  3:09  Supply Depot  
  35  3:14  Hellion  
  35  3:18  SCV  
  38  3:36  Hellion, Medivac  
  42  3:55  Command Center  
  42  3:56  SCV  
  43  4:05  Factory Tech Lab  
  43  4:08  Supply Depot, Starport Tech Lab  
  43  4:11  SCV  
  44  4:18  Barracks Reactor  
  44  4:19  Bunker  
  43  4:24  Widow Mine  
  43  4:26  Raven  
  45  4:41  SCV  
  34  4:54  SCV  
  34  4:56  Cyclone, Marine x2  
  38  5:07  SCV  
  39  5:10  Banshee, Cloaking Field  
  42  5:15  Marine  
  42  5:16  Marine  
  41  5:31  SCV  
  41  5:32  Marine  
  41  5:35  Marine  
  43  5:36  Siege Tank  
  46  5:48  SCV  
  47  5:50  Marine  
  47  5:52  Marine  
  47  5:53  Supply Depot, Banshee  
  51  6:08  Command Center, Siege Tank, Marine  
  55  6:14  SCV  
  55  6:16  Marine  
  54  6:25  Bunker  
  54  6:26  SCV, Marine  
  56  6:34  Marine  
  56  6:36  Supply Depot  
  56  6:38  SCV  
  58  6:45  Siege Tank  
  60  6:52  Banshee  
  63  7:04  Marine  
  63  7:08  SCV  
  64  7:18  Marine  
  64  7:19  Siege Tank  
  64  7:22  SCV  
  67  7:23  Orbital Command  
  67  7:25  Marine  
  68  7:35  Marine  
  72  7:41  SCV  
  72  7:43  Supply Depot, Marine  
  74  7:51  SCV  
  75  7:53  SCV, Marine  
Show
View Real Time Build Order
Export as new Build Order

DPGJieShi Protoss 

Build Orders: 1 Gate Expand, Zealot Archon, Dark Templar Rush 

Get SALT Encoding   

  12  0:00  Probe  
  13  0:12  Probe  
  14  0:18  Pylon  
  14  0:24  Probe (Chrono Boost)  
  15  0:36  Gateway  
  15  0:37  Probe (Chrono Boost)  
  16  0:44  Probe (Chrono Boost)  
  16  0:45  Assimilator  
  17  0:51  Probe  
  18  1:03  Probe  
  19  1:15  Probe  
  20  1:23  Cybernetics Core  
  20  1:31  Nexus  
  20  1:36  Pylon  
  20  1:39  Probe  
  21  1:44  Assimilator  
  21  1:51  Probe  
  22  1:57  Adept (Chrono Boost)  
  22  2:00  Warp Gate  
  24  2:03  Probe  
  25  2:15  Probe  
  25  2:18  Twilight Council  
  26  2:26  Stalker (Chrono Boost)  
  26  2:27  Probe  
  29  2:32  Pylon  
  29  2:39  Shield Battery  
  30  2:51  Pylon  
  30  2:55  Dark Shrine  
  29  3:03  Gateway  
  29  3:09  Stalker (Chrono Boost)  
  31  3:20  Gateway  
  31  3:26  Probe  
  32  3:35  Pylon  
  32  3:43  Probe  
  31  3:57  Probe  
  32  4:07  Dark Templar  
  34  4:10  Dark Templar  
  34  4:15  Dark Templar  
  38  4:39  Dark Templar  
  38  4:40  Probe  
  38  4:44  Zealot  
  31  4:52  Nexus  
  25  4:53  Probe  
  26  5:02  Dark Templar  
  26  5:05  Probe (Chrono Boost)  
  30  5:14  Probe (Chrono Boost)  
  30  5:19  Probe (Chrono Boost)  
  31  5:31  Probe  
  28  5:35  Stalker  
  28  5:37  Stalker x2  
  28  5:38  Archon  
  34  5:43  Probe  
  33  5:55  Probe (Chrono Boost)  
  34  6:04  Robotics Facility  
  34  6:06  Probe (Chrono Boost)  
  34  6:09  Probe (Chrono Boost)  
  36  6:15  Probe (Chrono Boost)  
  36  6:16  Probe (Chrono Boost)  
  38  6:20  Probe (Chrono Boost)  
  38  6:23  Probe  
  40  6:26  Charge (Chrono Boost)  
  40  6:32  Probe  
  41  6:35  Probe, Pylon  
  42  6:44  Probe  
  43  6:47  Probe  
  43  6:48  Zealot x2  
  43  6:50  Zealot  
  43  6:52  Observer (Chrono Boost)  
  51  6:56  Probe  
  51  6:58  Shield Battery  
  51  6:59  Probe  
  53  7:08  Probe  
  53  7:09  Dark Templar  
  53  7:11  Probe  
  53  7:14  Observer  
  54  7:16  Stalker  
  54  7:20  Probe  
  54  7:23  Probe  
  55  7:33  Probe  
  55  7:36  Probe  
  57  7:38  Pylon  
  57  7:41  Zealot  
  57  7:42  Observer  
  60  7:45  Probe  
  60  7:48  Pylon  
  61  7:55  Gateway  
  61  7:59  Gateway  
  61  8:00  Zealot  
Tags
 
Add a new tag
Caveats
  • Supply blocks, unpowered buildings, or Contaminate may cause inaccurate times.
  • Supply counts are checked every 10 seconds.